 Dungeon Sprint DCSS version 0.31-a0-963-ga325b2283a (webtiles) character file.

Game seed: 11916899114260271189

23426 sircluck the Brawler (level 12, -19/225 HPs)
             Began as a Troll Berserker on Oct 25, 2023.
             Was a High Priest of Trog.
             Killed from afar by a war gargoyle (33 damage)
             ... with a spray of metal splinters
             ... in the Dungeon (Sprint VII: "The Pits").
             The game lasted 00:05:21 (1315 turns).

sircluck the Brawler (Troll Berserker)              Turns: 1315, Time: 00:05:22

Health: -19/225    AC:  5    Str: 32    XL:     12   Next: 71%
Magic:  11/11      EV: 17    Int:  3    God:    Trog [*****.]
Gold:   7          SH:  0    Dex:  9    Spells: 11/11 levels left

rFire   . .          .
                       - Unarmed
rCold   . . .        (no shield)
rNeg    . . .        a - +0 animal skin
rPois   .            (helmet restricted)
rElec   .            p - +0 cloak
rCorr   .            (gloves unavailable)
SInv    .            (boots unavailable)
Will    .....        (no amulet) Stlth
                     m - +3 ring of evasion
HPRegen 1.37/turn    (no ring)
MPRegen 0.12/turn

%: no teleportation
@: berserking, lethally poisoned (-19 -> -19), studying Fighting, very quick
A: large, unfitting armour, claws 3, regeneration 1, shaggy fur 1, tough skin 1
a: Renounce Religion, Berserk, Trog's Hand, Brothers in Arms


You were in the Dungeon.
You worshipped Trog.
Trog was extremely pleased with you.
You visited 1 branch You collected 7 gold pieces.

Inventory:

Missiles
 q - 4 large rocks
Armour
 a - a +0 animal skin (worn)
 p - a +0 cloak (worn)
Jewellery
 l - a +3 ring of intelligence
 m - a +3 ring of evasion (left claw)
 r - a ring of positive energy
Wands
 k - a wand of mindburst (10)
Scrolls
 g - a scroll of blinking
 i - 2 scrolls of vulnerability
 j - a scroll of butterflies
Potions
 b - 7 potions of curing
 c - 9 potions of heal wounds
 d - 4 potions of haste
 e - 4 potions of magic
 f - 2 potions of berserk rage
 h - 2 potions of invisibility
 n - a potion of might
 o - a potion of mutation


   Skills:
 + Level 17.6 Fighting
 + Level 7.0 Armour
 + Level 16.2 Dodging
 + Level 19.0 Unarmed Combat


You had 11 spell levels left.
You didn't know any spells.
Your spell library was empty.

Dungeon Overview and Level Annotations

Branches:
Dungeon (1/1)

Altars:
Ashenzari
Cheibriados
Dithmenos
Elyvilon
Fedhas
Gozag
Hepliaklqana
Kikubaaqudgha
Makhleb
Nemelex Xobeh
Okawaru
Qazlal
Ru
Sif Muna
Trog
Uskayaw
Vehumet
Wu Jian
Xom
Yredelemnul
Zin
The Shining One
Jiyva
Lugonu


Innate Abilities, Weirdness & Mutations

You are too large for most types of armour.
You have claws for hands.
Your natural rate of healing is unusually fast.
You are covered in fur. (AC +1)
You have tough skin. (AC +1)


Message History

The naga warrior is heavily wounded.
The naga warrior hits you with a +2 glaive of protection!
The naga warrior grabs you. The naga warrior constricts you.
You mangle the naga warrior!!
The naga warrior is almost dead.
The naga warrior spits poison at you. The splash of poison hits you!
You are poisoned.
The naga warrior constricts you.
You mangle the naga warrior!!
You kill the naga warrior!
Trog accepts your kill. Trog grants you a weapon!
Something appears at your feet!
You see here a +4 quarterstaff of flaming.
You feel sick.
The war gargoyle launches metal splinters at you.
The spray of metal splinters hits you!!
Your Armour skill increases to level 7!
Your Unarmed Combat skill increases to level 19!
You feel sick.
You see here a +4 scimitar of flaming.
You close the door, pushing everything out of the way.
You feel sick.
Something unseen opens the door.
A red film seems to cover your vision as you go berserk!
You feel yourself moving faster!
You feel mighty!
You feel sick.
The war gargoyle hits you with a +1 flail of protection!!
* * * LOW HITPOINT WARNING * * *
You claw the war gargoyle!
The war gargoyle is moderately damaged.
The war gargoyle hits you with a +1 flail of protection!!
* * * LOW HITPOINT WARNING * * *
You completely miss the war gargoyle.
The war gargoyle is moderately damaged.
You feel sick.
You scratch the war gargoyle but do no damage.
The war gargoyle is moderately damaged.
The war gargoyle launches metal splinters at you.
The spray of metal splinters hits you!!
You die...

###################
#..................
#..................
#..################ #..##)#.#N#
# #.)#)#N#.# # #.[9#[#)# #
#.@#)#.# # #).##9#.# #
#.)################
#############.)................
#_________.##..................
#_________.###########++#######
#_______...###########++#######
##########'##................##
#.?(.')))'.##......#..#......##


You could see a war gargoyle (catching breath).

Vanquished Creatures
  A vampire knight (D)
  A boulder beetle (D)
  A naga warrior (D)
  A bog body (D)
  4 harpies (D)
  A deep elf pyromancer (D)
  An efreet (D)
  A hellwing (D)
  Sigmund (D)
  A wraith (D)
  5 yaks (D)
  2 redbacks (D)
  An orc warrior (D)
  3 wights (D)
  A scorpion (D)
  An orc priest (D)
  Ijyb (D)
  An orc wizard (D)
  A gnoll (D)
  An ufetubus (D)
  3 orcs (D)
  A goblin (D)
  A hobgoblin (D)
  2 frilled lizards (D)
  4 kobolds (D)
  A rat (D)
42 creatures vanquished.

Vanquished Creatures (collateral kills)
  Gastronok (D)
  A nagaraja (D)
  2 frost giants (D)
  A fire giant (D)
  A vampire knight (D)
  An ettin (D)
  2 hydras (D)
  A death knight (D)
  An anaconda (D)
  An alligator snapping turtle (D)
  A two-headed ogre (D)
  An orc high priest (D)
  A demonic crawler (D)
  2 salamander mystics (D)
  A deep troll (D)
  A harpy (D)
  An ugly thing (D)
  A cyclops (D)
  An elephant (D)
  A guardian serpent (D)
  A cane toad (D)
  A black mamba (D)
  A naga mage (D)
  An eye of devastation (D)
  A rust devil (D)
  A wandering mushroom (D)
  An air elemental (D)
  A glass eye (D)
  Edmund (D)
  3 orc warriors (D)
  A centaur (D)
  A phantom (D)
  An orc wizard (D)
  An adder simulacrum (D)
  2 orcs (D)
  A giant cockroach (D)
42 creatures vanquished.

Grand Total: 84 creatures vanquished

Notes
Turn   | Place    | Note
-------+----------+-------------------------------------------
     0 | D        | sircluck the Troll Berserker began the quest for the Orb.
     0 | D        | Reached XP level 1. HP: 22/22 MP: 0/0
    42 | D        | Reached ** piety under Trog
    43 | D        | Reached XP level 2. HP: 29/31 MP: 1/1
    45 | D        | Reached skill level 4 in Unarmed Combat
    48 | D        | Noticed Sigmund
    48 | D        | Noticed a scorpion
    56 | D        | Killed a scorpion
    57 | D        | Reached skill level 5 in Unarmed Combat
    57 | D        | Reached XP level 3. HP: 15/40 MP: 2/2
    57 | D        | Reached XP level 4. HP: 19/49 MP: 3/3
    60 | D        | Reached *** piety under Trog
    64 | D        | HP: 1/49 [Sigmund/+0 scythe (8)]
    71 | D        | Killed Sigmund
    72 | D        | Reached skill level 7 in Unarmed Combat
    72 | D        | Reached XP level 5. HP: 44/59 MP: 4/4
   175 | D        | Found a bloodstained altar of Trog.
   175 | D        | Found a shimmering blue altar of Sif Muna.
   175 | D        | Found a viscous altar of Jiyva.
   175 | D        | Found a hazy altar of Hepliaklqana.
   175 | D        | Found an opulent altar of Gozag.
   176 | D        | Found a glowing golden altar of the Shining One.
   176 | D        | Found a glowing silver altar of Zin.
   176 | D        | Found a basalt altar of Yredelemnul.
   176 | D        | Found a shimmering altar of Xom.
   176 | D        | Found an ornate altar of the Wu Jian Council.
   176 | D        | Found a sacrificial altar of Ru.
   176 | D        | Found a stormy altar of Qazlal.
   176 | D        | Found an iron altar of Okawaru.
   176 | D        | Found a sparkling altar of Nemelex Xobeh.
   176 | D        | Found a burning altar of Makhleb.
   176 | D        | Found a blossoming altar of Fedhas.
   176 | D        | Found a white marble altar of Elyvilon.
   176 | D        | Found a shadowy altar of Dithmenos.
   176 | D        | Found a snail-covered altar of Cheibriados.
   177 | D        | Found a radiant altar of Vehumet.
   177 | D        | Found a corrupted altar of Lugonu.
   178 | D        | Found a hide-covered altar of Uskayaw.
   178 | D        | Found an ancient bone altar of Kikubaaqudgha.
   178 | D        | Found a broken altar of Ashenzari.
   203 | D        | Noticed Ijyb
   204 | D        | Noticed a phantom
   204 | D        | Noticed Edmund
   208 | D        | Reached **** piety under Trog
   223 | D        | Killed Edmund
   224 | D        | Reached skill level 8 in Unarmed Combat
   224 | D        | Reached XP level 6. HP: 31/71 MP: 5/5
   234 | D        | Killed Ijyb
   234 | D        | Reached ***** piety under Trog
   235 | D        | Reached skill level 9 in Unarmed Combat
   296 | D        | Noticed a deep elf pyromancer
   307 | D        | Killed a deep elf pyromancer
   308 | D        | Reached skill level 10 in Unarmed Combat
   308 | D        | Reached XP level 7. HP: 13/81 MP: 6/6
   370 | D        | Noticed a bog body
   370 | D        | Noticed a boulder beetle
   381 | D        | Killed a boulder beetle
   381 | D        | Received a gift from Trog
   382 | D        | Reached skill level 11 in Unarmed Combat
   382 | D        | Reached XP level 8. HP: 93/93 MP: 7/7
   388 | D        | Killed a bog body
   389 | D        | Reached skill level 10 in Fighting
   389 | D        | Reached skill level 10 in Dodging
   389 | D        | Reached skill level 12 in Unarmed Combat
   389 | D        | Reached XP level 9. HP: 102/102 MP: 8/8
   398 | D        | Found the +8 demon blade "Leech" {evervamp, Harm Drain rN+}
   449 | D        | Received a gift from Trog
   576 | D        | Noticed Gastronok
   576 | D        | Noticed a demonic crawler
   579 | D        | Noticed an orc high priest
   580 | D        | Killed a demonic crawler
   580 | D        | Paralysed by an air elemental for 1 turns
   581 | D        | Reached skill level 13 in Unarmed Combat
   583 | D        | Noticed a smoke demon
   583 | D        | Noticed a red devil
   583 | D        | Killed an orc high priest
   585 | D        | Killed Gastronok
   586 | D        | Reached skill level 14 in Unarmed Combat
   586 | D        | Reached XP level 10. HP: 66/115 MP: 9/9
   588 | D        | Received a gift from Trog
   594 | D        | Reached ****** piety under Trog
   600 | D        | Noticed a harpy
   600 | D        | Noticed a harpy
   600 | D        | Noticed a harpy
   606 | D        | Killed a harpy
   652 | D        | Noticed a harpy
   652 | D        | Noticed a harpy
   659 | D        | Killed a harpy
   660 | D        | Killed a harpy
   661 | D        | Reached skill level 15 in Unarmed Combat
   662 | D        | Killed a harpy
   665 | D        | Killed a harpy
   818 | D        | Noticed a vampire knight
   818 | D        | Paralysed by a vampire knight for 3 turns
   827 | D        | Killed a vampire knight
   827 | D        | Received a gift from Trog
   828 | D        | Reached XP level 11. HP: 127/127 MP: 10/10
   897 | D        | Reached skill level 16 in Unarmed Combat
   921 | D        | Received a gift from Trog
  1041 | D        | Noticed a vampire knight
  1041 | D        | Noticed a fire giant
  1042 | D        | Noticed an ettin
  1044 | D        | Noticed an anaconda
  1044 | D        | Killed an anaconda
  1048 | D        | Killed a vampire knight
  1049 | D        | Noticed a red ugly thing
  1049 | D        | Killed an ettin
  1050 | D        | Reached skill level 17 in Unarmed Combat
  1051 | D        | Killed a fire giant
  1051 | D        | Received a gift from Trog
  1053 | D        | Killed a red ugly thing
  1154 | D        | Noticed a two-headed ogre
  1154 | D        | Noticed a frost giant
  1157 | D        | Reached skill level 15 in Fighting
  1157 | D        | Reached skill level 1 in Armour
  1159 | D        | Killed a two-headed ogre
  1161 | D        | Killed a frost giant
  1162 | D        | Reached skill level 15 in Dodging
  1164 | D        | Noticed an alligator snapping turtle
  1165 | D        | Noticed a deep troll
  1170 | D        | Noticed a frost giant
  1172 | D        | Noticed a death knight
  1176 | D        | Killed an alligator snapping turtle
  1177 | D        | Reached XP level 12. HP: 93/144 MP: 11/11
  1181 | D        | Killed a frost giant
  1182 | D        | Reached skill level 18 in Unarmed Combat
  1183 | D        | Killed a death knight
  1186 | D        | Received a gift from Trog
  1187 | D        | Reached skill level 5 in Armour
  1196 | D        | Identified the +5 war axe "Feejocidgh" {speed, Str+6 Int+3
                  | Dex-4}
  1209 | D        | Identified the +5 trident "Xeumoewaru" {heavy, Dex+4}
  1209 | D        | Noticed a nagaraja
  1213 | D        | Noticed a seven-headed hydra
  1216 | D        | Killed a seven-headed hydra
  1221 | D        | Killed a nagaraja
  1240 | D        | Received a gift from Trog
  1253 | D        | Noticed a seven-headed hydra
  1257 | D        | Killed a seven-headed hydra
  1290 | D        | Noticed a naga warrior
  1306 | D        | Noticed a war gargoyle
  1309 | D        | Killed a naga warrior
  1309 | D        | Received a gift from Trog
  1310 | D        | Reached skill level 19 in Unarmed Combat
  1315 | D        | Killed from afar by a war gargoyle

Illustrated notes

Levels and vault maps discovered:
D:        pitsprint [storerooms_1, entrance_room_1, metal_vault_6, armoury_2,
          mini_pit_1, grid_room_1, main_hall_1, silver_pit, the_coven_2,
          the_vestibule_1, steel_vault_2, golden_pit, hallway_of_sentries,
          crystal_vault_4, iron_vault_2, final_vault]

Skill      XL: |  1  2  3  4  5  6  7  8  9 10 11 12 |
---------------+-------------------------------------+-----
Fighting       | 3 4 6 7 8 9 10 12 13 15 17 | 17.6
Dodging        | 3 4 6 7 8 9 10 12 13 15 16 | 16.2
Unarmed Combat | 5 7 8 10 11 12 14 15 17 19 | 19.0
Armour         | 3 7 |  7.0

Action                     |  1- 3 |  4- 6 |  7- 9 | 10-12 || total
---------------------------+-------+-------+-------+-------++-------
  Melee: Unarmed           |    17 |    29 |    29 |    63 ||   138
         Punch             |       |     1 |     1 |     5 ||     7
 Invoke: Brothers in Arms  |       |     1 |     2 |     8 ||    11
         Berserk           |       |       |     1 |     3 ||     4
    Use: Potion            |     1 |     2 |       |       ||     3
 Armour: Animal skin       |    12 |    14 |    13 |    59 ||    98
  Dodge: Dodged            |     8 |    12 |    10 |    61 ||    91

Table legend: (Time is in decaauts)
 A = Elapsed time spent in this place.
 B = Non-inter-level travel time spent in this place.
 C = Inter-level travel time spent in this place.
 D = Time resting spent in this place.
 E = Time spent auto-exploring this place.
 F = Levels seen in this place.
 G = Mean time per level.
                   A        B        C        D        E       F      G
               +--------+--------+--------+--------+--------+-----+--------+
         Total |   1357 |   1296 |     61 |    462 |    122 |   1 | 1357.0 |
       Dungeon |   1357 |   1296 |     61 |    462 |    122 |   1 | 1357.0 |
               +--------+--------+--------+--------+--------+-----+--------+

Top non-repeatable levels by time:
       D: 1357 daAuts
